 Dungeon Crawl Stone Soup version 0.30-a0-782-ge64f9170bb (webtiles) character file.

Game seed: 5334436522963487041

41 Crownlay the Shield-Bearer (level 3, -1/34 (36) HPs)
             Began as a Troll Fighter on Mar 5, 2023.
             Slain by Crazy Yiuf
             ... wielding a +4 quarterstaff of chaos
              (4 damage)
             ... on level 2 of the Dungeon.
             The game lasted 00:01:33 (1386 turns).

Crownlay the Shield-Bearer (Troll Fighter)          Turns: 1386, Time: 00:01:34

HP:   -1/34 (36)    AC:  8    Str: 24    XL:     3   Next: 32%
MP:   2/2           EV:  8    Int:  6    God:
Gold: 143           SH:  7    Dex:  9    Spells: 2/2 levels left

rFire   . . .      SeeInvis .      - Unarmed
rCold   . . .      Faith    .    b - +0 kite shield
rNeg    . . .      Spirit   .    a - +0 robe
rPois   .          Reflect  .    (helmet restricted)
rElec   .          Harm     .    (no cloak)
rCorr   .          Rampage  .    (gloves unavailable)
Will    .....                    (boots unavailable)
Stlth   +                        (no amulet)
HPRegen 1.05/turn                g - +4 ring of protection
MPRegen 0.08/turn                (no ring)

@: drained
A: large, unfitting armour, claws 3, regeneration 1, shaggy fur 1, tough skin 1
a: no special abilities


You were on level 2 of the Dungeon.
You visited 1 branch of the dungeon, and saw 2 of its levels.

You collected 143 gold pieces.

Inventory:

Armour
 a - a +0 robe (worn)
 b - a +0 kite shield (worn)
Jewellery
 g - a +4 ring of protection (left claw)
Scrolls
 d - a scroll of immolation {unknown}
 e - a scroll of brand weapon {unknown}
 f - a scroll of identify {unknown}
 i - 2 scrolls of enchant armour {unknown}
 j - a scroll of vulnerability {unknown}
 k - a scroll of noise {unknown}
 l - a scroll of summoning {unknown}
Potions
 c - a potion of might
 h - a potion of heal wounds {unknown}
 m - 3 potions of mutation {unknown}
 n - 2 potions of ambrosia {unknown}


   Skills:
 + Level 2.7 Fighting
 - Level 2.4 Dodging
 + Level 3.0 Shields
 * Level 3.0 Unarmed Combat


You had 2 spell levels left.
You didn't know any spells.
Your spell library was empty.

Dungeon Overview and Level Annotations

Branches:
Dungeon (2/15)

Altars:

Annotations:
D:2 Crazy Yiuf


Innate Abilities, Weirdness & Mutations

You are too large for most types of armour.
You have claws for hands.
Your natural rate of healing is unusually fast.
You are covered in fur. (AC +1)
You have tough skin. (AC +1)


Message History

You kill the quokka!
No target in view!
No target in view!
No target in view!
You see here a quokka corpse.
You see here a quokka corpse.
You see here a +0 club.
Crazy Yiuf shouts!
Key pressed, stopping explore.
Could not explore, unopened runed door.
Could not explore, unopened runed door.
Could not explore, unopened runed door.
Okay, then.
Okay, then.
You open the door. You claw Crazy Yiuf!
Crazy Yiuf is heavily wounded.
Crazy Yiuf sings, "Trees, trees, trees, circus!"
Crazy Yiuf hits you with a +4 quarterstaff of chaos!
Crazy Yiuf freezes you.
You closely miss Crazy Yiuf.
Crazy Yiuf is heavily wounded.
Crazy Yiuf hits you with a +4 quarterstaff of chaos!
You feel drained.
You barely miss Crazy Yiuf.
Crazy Yiuf is heavily wounded.
Crazy Yiuf glowers.
Crazy Yiuf hits you with a +4 quarterstaff of chaos!
Crazy Yiuf freezes you.
You scratch Crazy Yiuf but do no damage.
Crazy Yiuf is heavily wounded.
Crazy Yiuf barely misses you.
You closely miss Crazy Yiuf.
Crazy Yiuf is heavily wounded.
Crazy Yiuf hits you with a +4 quarterstaff of chaos!
* * * LOW HITPOINT WARNING * * *
You scratch Crazy Yiuf.
Crazy Yiuf is heavily wounded.
Crazy Yiuf hits you with a +4 quarterstaff of chaos.
You die...

#..##.######..##
#####..#..#
#....#
...##..#.###
♣.P.P♣
...##......#
♣♣P..♣
...##......#
♣♣.♣♣
...##.##.###
♣♣.♣ ...##.##.#
♣.♣♣ ...##.##.#
♣♣.♣ ...##.##.#
♣@♣♣
#####.##.### #g#
# #......# ... #
######.### #...#
#......# #)..#
############
###.###### #####
#...........
..#.#
#.####.####.
..#.# ###
#........##.
....# #.#
#.####.#.##.


You could see Crazy Yiuf.

Vanquished Creatures
  5 bats
  7 endoplasms
  6 giant cockroaches
  2 goblins (D:1)
  A hobgoblin (D:1)
  2 quokkas
  3 ball pythons
  A frilled lizard (D:2)
  4 kobolds
  4 rats
35 creatures vanquished.

Notes
Turn   | Place    | Note
-------+----------+-------------------------------------------
     0 | D:1      | Crownlay the Troll Fighter began the quest for the Orb.
     0 | D:1      | Reached XP level 1. HP: 22/22 MP: 0/0
    89 | D:1      | Reached XP level 2. HP: 29/29 MP: 1/1
   742 | D:2      | Reached XP level 3. HP: 36/36 MP: 2/2
   800 | D:2      | Found a runed translucent door.
   801 | D:2      | Noticed Crazy Yiuf
  1386 | D:2      | Slain by Crazy Yiuf

Illustrated notes

Levels and vault maps discovered:
D:1:      giann_horns, layout_loops_ring
D:2:      layout_loops_cross, uniq_crazy_yiuf_cottage

Skill      XL: |  1  2  3 |
---------------+----------+-----
Shields        | 3 |  3.0
Unarmed Combat | 3 |  3.0
Fighting       | |  2.7
Dodging        | |  2.4

Action                     || total
---------------------------++-------
  Melee: Unarmed           ||    86
 Armour: Robe              ||    34
  Dodge: Dodged            ||    30
  Block: Kite shield       ||    25

Table legend: (Time is in decaauts)
 A = Elapsed time spent in this place.
 B = Non-inter-level travel time spent in this place.
 C = Inter-level travel time spent in this place.
 D = Time resting spent in this place.
 E = Time spent auto-exploring this place.
 F = Levels seen in this place.
 G = Mean time per level.
                   A        B        C        D        E       F      G
               +--------+--------+--------+--------+--------+-----+--------+
         Total |   1392 |   1351 |     41 |      0 |   1136 |   2 |  696.0 |
       Dungeon |   1392 |   1351 |     41 |      0 |   1136 |   2 |  696.0 |
               +--------+--------+--------+--------+--------+-----+--------+

Top non-repeatable levels by time:
     D:1: 735 daAuts
     D:2: 657 daAuts
